Selects Australian Defense Battlegroup
Selects Australian Light Infantry Section
Australian Light Infantry Section
Australian Light Infantry Section
Construct Field Infirmary
Construct Section Command Post
Selects CMP 15cwt Supply Run
Construct Platoon Command Post
Selects Reinforced Resource Caches
Selects Defensive Tactics
Construct Company Command Post
Selects Vehicle Over Repair
Unlock M3 Grant Medium Tanks